 Dungeon Crawl Stone Soup version 0.29.0-4-gdea44cf6ec (webtiles) character file.

Game seed: 1615526680622113045

43 qw the Ruffian (level 3, 0/28 HPs)
             Began as a Ghoul Fire Elementalist on Aug 29, 2022.
             Slain by a phantom (6 damage)
             ... on level 4 of the Dungeon.
             The game lasted 00:01:10 (1560 turns).

qw the Ruffian (Ghoul Fire Elementalist)            Turns: 1560, Time: 00:01:10

Health: 0/28       AC:  6    Str: 13    XL:     3   Next: 58%
Magic:  4/4        EV: 10    Int: 10    God:
Gold:   53         SH:  0    Dex:  9    Spells: 4/5 levels left

rFire   . . .      SeeInvis .     - Unarmed
rCold   + . .      Faith    .   (no shield)
rNeg    + + +      Spirit   .   c - +0 ring mail
rPois   inf        Reflect  .   (no helmet)
rElec   .          Harm     .   d - +0 cloak
rCorr   .          Rampage  .   (no gloves)
Will    .....                   (no boots)
Stlth   +.........              (no amulet)
HPRegen 0.00/turn               (no ring)
MPRegen 0.09/turn               (no ring)

@: inhibited regen
A: claws 1, cold resistance 1, negative energy resistance 3, inhibited
regeneration, torment resistance 2, devour on kill
a: no special abilities


You were on level 4 of the Dungeon.
You visited 1 branch of the dungeon, and saw 3 of its levels.

You collected 53 gold pieces.


Innate Abilities, Weirdness & Mutations

You are immune to poison.
You have sharp fingernails.
Your flesh is cold resistant. (rC+)
You are immune to negative energy. (rN+++)
You do not regenerate when monsters are visible.
You are immune to unholy pain and torment.
You thrive by killing the living.


   Skills:
 - Level 1.1 Fighting
 - Level 1.7 Dodging
 - Level 2.1 Stealth
 + Level 3.1 Unarmed Combat
 - Level 1.7 Spellcasting
 - Level 0.7 Conjurations
 - Level 2.4 Fire Magic


You had 4 spell levels left.
You knew the following spells:

 Your Spells              Type           Power      Damage    Failure   Level
a - Foxfire               Conj/Fire      16%        2x1d4     36%         1

Your spell library contained the following spells:

 Spells                   Type           Power      Damage    Failure   Level
 Scorch                   Fire           10%        2d6       36%         2
 Conjure Flame            Conj/Fire      4%         6-21      73%         3
 Inner Flame              Hex/Fire       3%         N/A       78%         3
 Flame Wave               Conj/Fire      4%         2d5       98%         4

Inventory:

Armour
 c - a +0 ring mail (worn)
 d - a +0 cloak (worn)
Potions
 f - a potion of heal wounds {unknown}

Dungeon Overview and Level Annotations

Branches:
Dungeon (2/15)

Altars:


Message History

The kobold hits you but does no damage.
You scratch the kobold.
You kill the kobold!
You scratch the phantom.
The phantom is lightly damaged.
The phantom hits you.
You scratch the phantom but do no damage.
The phantom is lightly damaged.
The phantom closely misses you.
You barely miss the phantom.
The phantom is lightly damaged.
The phantom hits you.
The phantom blinks!
You blink.
You scratch the phantom.
The phantom is moderately damaged.
The phantom hits you.
You closely miss the phantom.
The phantom is moderately damaged.
The phantom hits you but does no damage.
You barely miss the phantom.
The phantom is moderately damaged.
The phantom hits you.
The phantom blinks!
You blink.
You scratch the phantom but do no damage.
The phantom is moderately damaged.
The phantom closely misses you.
You miss the phantom.
The phantom is moderately damaged.
The phantom hits you but does no damage.
You scratch the phantom but do no damage.
The phantom is moderately damaged.
The phantom hits you but does no damage.
You scratch the phantom.
The phantom is moderately damaged.
The phantom hits you.
The phantom blinks!
You blink.
You scratch the phantom but do no damage.
The phantom is moderately damaged.
The phantom hits you.
The phantom blinks!
You blink.
You scratch the phantom.
The phantom is heavily damaged.
The phantom hits you.
You die...

..# #. .. ## #.## #.#
....####... ..
......#...# .#
....#...#.# ##)#
..........# #..#
..........#####.##
........)¤@.##..#####.#
.........W#.%..........
######¤.#####.####..##
#.¤....#...# #
#....###.....## ...###
#.###.# .# #.# #... .#
## ##


You could see a phantom.

Vanquished Creatures
  An adder (D:4)
  A gnoll (D:1)
  An orc (D:4)
  5 ball pythons
  4 bats (D:1)
  An endoplasm (D:1)
  A giant cockroach (D:1)
  A goblin (D:4)
  2 hobgoblins (D:1)
  A quokka (D:4)
  2 frilled lizards (D:1)
  3 kobolds
23 creatures vanquished.

Vanquished Creatures (others)
  9 plants (D:1)
9 creatures vanquished.

Grand Total: 32 creatures vanquished

Notes
Turn   | Place    | Note
-------+----------+-------------------------------------------
     0 | D:1      | qw the Ghoul Fire Elementalist began the quest for the Orb.
     0 | D:1      | Reached XP level 1. HP: 14/14 MP: 2/2
     0 | D:1      | 0 ||| qw: Version: 0.1-a-90-g952f4b7
     0 | D:1      | 0 ||| qw: Game counter: 3805
     0 | D:1      | 0 ||| qw: Always use a shield: true
     0 | D:1      | 0 ||| qw: God list: Okawaru
     0 | D:1      | 0 ||| qw: Allow faded altars: false
     0 | D:1      | 0 ||| qw: Do Orc after D:15 true
     0 | D:1      | 0 ||| qw: Do second Lair branch before Depths: true
     0 | D:1      | 0 ||| qw: Lair rune preference: random
     0 | D:1      | 0 ||| qw: Plans: Normal
     0 | D:1      | 0 ||| PLANNING D:1-11
   348 | D:1      | Reached skill level 1 in Unarmed Combat
   384 | D:1      | Reached XP level 2. HP: 17/22 MP: 3/3
   546 | D:1      | Reached skill level 1 in Fighting
   840 | D:1      | 840 ||| Stepping ~*~*~tactically~*~*~ (stealth).
   846 | D:1      | 846 ||| Stepping ~*~*~tactically~*~*~ (stealth).
   950 | D:1      | 950 ||| Stepping ~*~*~tactically~*~*~ (stealth).
   953 | D:1      | 953 ||| Stepping ~*~*~tactically~*~*~ (stealth).
   955 | D:1      | 955 ||| Stepping ~*~*~tactically~*~*~ (stealth).
   958 | D:1      | 958 ||| Stepping ~*~*~tactically~*~*~ (stealth).
   973 | D:1      | Reached skill level 2 in Unarmed Combat
   973 | D:1      | Reached XP level 3. HP: 13/28 MP: 4/4
  1327 | D:1      | Found a faded altar of an unknown god.
  1332 | D:1      | 1332 ||| UPGRADING to +0 ring mail.
  1342 | D:1      | 1342 ||| DROPPING +0 robe.
  1343 | D:1      | 1343 ||| UPGRADING to +0 cloak.
  1348 | D:1      | 1348 ||| READING scroll labelled ENAILE GIASI.
  1349 | D:1      | 1349 ||| READING scroll labelled JINEOX LEA.
  1354 | D:1      | 1354 ||| READING scroll labelled SUTRUE SOHUMP.
  1355 | D:1      | 1355 ||| READING 3 scrolls labelled ININEA ZIRAW.
  1356 | D:1      | 1356 ||| DROPPING potion of magic.
  1357 | D:1      | 1357 ||| DROPPING 2 scrolls of summoning.
  1368 | D:2      | You fall into a shaft and drop 2 floors!
  1374 | D:4      | 1374 ||| Stepping ~*~*~tactically~*~*~ (stealth).
  1429 | D:4      | 1429 ||| Stepping ~*~*~tactically~*~*~ (stealth).
  1433 | D:4      | Reached skill level 3 in Unarmed Combat
  1538 | D:4      | Noticed a phantom
  1558 | D:4      | HP: 7/28 [phantom (1)]
  1560 | D:4      | Slain by a phantom

Levels and vault maps discovered:
D:1:      dpeg_arrival_boxorama, layout_loops_ring,
          shapermc_ecumenical_altar_hornbeckon, nicolae_grassy_gnolls
D:2:      layout_loops_corners, basic_altar
D:4:      layout_rooms, mainiacjoe_overflow_tiny_flanked, kennysheep_mini,
          uniq_blork_the_orc

Skill      XL: |  1  2  3 |
---------------+----------+-----
Unarmed Combat | 1 2 3 |  3.1
Fighting       | 1 |  1.1
Dodging        | |  1.7
Stealth        | |  2.1
Spellcasting   | |  1.7
Conjurations   | |  0.7
Fire Magic     | |  2.4

Action                   || total
-------------------------++-------
Melee: Unarmed           ||   114
  Use: Scroll            ||     4
 Stab: Sleeping          ||     1
Armor: Robe              ||    22
       Ring mail         ||    13
Dodge: Dodged            ||    71

Table legend:
 A = Non-vault XP
 B = Vault XP
 C = Vault XP percentage of total XP
 D = Non-vault monster count
 E = Vault monster count
 F = Vault count percentage of total count
                 A         B        C        D         E       F
            +---------+---------+-------+---------+---------+-------
      Total |      48 |      14 |  22.6 |      22 |       1 |   4.3
            +---------+---------+-------+---------+---------+-------
        D:1 |      21 |      14 |  40.0 |      13 |       1 |   7.1
        D:4 |      27 |       0 |   0.0 |       9 |       0 |   0.0
            +---------+---------+-------+---------+---------+-------
